 Dungeon Crawl Stone Soup version 0.30-a0-777-ga9a30cbeda (webtiles) character file.

Game seed: 7983355751718775392

85 Flugslaktarn the Chopper (level 4, -6/41 HPs)
             Began as a Hill Orc Fighter on Feb 13, 2023.
             Mangled by Sigmund
             ... wielding a +0 scythe
              (9 damage)
             ... on level 3 of the Dungeon.
             The game lasted 00:00:49 (869 turns).

Flugslaktarn the Chopper (Hill Orc Fighter)          Turns: 869, Time: 00:00:50

Health: -6/41      AC:  8    Str: 20    XL:     4   Next: 48%
Magic:  4/4        EV:  9    Int:  8    God:
Gold:   78         SH:  0    Dex: 10    Spells: 3/3 levels left

rFire   . . .      SeeInvis .    a - +0 war axe
rCold   . . .      Faith    +    c - +0 buckler
rNeg    . . .      Spirit   .    b - +0 scale mail
rPois   .          Reflect  .    m - +0 helmet
rElec   .          Harm     .    (no cloak)
rCorr   .          Rampage  .    (no gloves)
Will    .....                    (no boots) Stlth
                                 e - amulet of faith
HPRegen 0.26/turn                (no ring)
MPRegen 0.09/turn                (no ring)

@: confused, mighty, attractive
A: no striking features
a: no special abilities


You were on level 3 of the Dungeon.
You visited 1 branch of the dungeon, and saw 3 of its levels.

You collected 78 gold pieces.

Inventory:

Hand Weapons
 a - a +0 war axe (weapon)
Armour
 b - a +0 scale mail (worn)
 c - a +0 buckler (worn)
 m - a +0 helmet (worn)
   (You found it on level 2 of the Dungeon)
Jewellery
 e - an amulet of faith (around neck)
   (You found it on level 1 of the Dungeon)
Scrolls
 f - 4 scrolls of identify {unknown}
 g - a scroll of fear {unknown}
 j - a scroll of teleportation {unknown}
 k - a scroll of magic mapping {unknown}
Potions
 i - a potion of resistance {unknown}
 l - a potion of curing {unknown}
 n - a potion of cancellation


   Skills:
 + Level 4.4 Fighting
 * Level 4.7 Axes
 + Level 4.0 Armour
 - Level 3.2 Shields


You had 3 spell levels left.
You didn't know any spells.
Your spell library was empty.

Dungeon Overview and Level Annotations

Branches:
Dungeon (3/15)

Altars:
Elyvilon

Annotations:
D:3 Sigmund


Message History

No target in view!
There is a stone staircase leading up here.
Done exploring.
Done exploring.
Done exploring.
Done exploring.
No target in view!
(D) Dungeon
Where to? (? - help)
There is a stone staircase leading down here.
You climb downwards.
Sigmund shouts!
There is a stone staircase leading up here.
Sigmund is nearby!
Unknown command.
Sigmund is nearby!
Sigmund is nearby!
Sigmund is nearby!
Sigmund points at you and mumbles some strange words.
The puff of flame hits you.
Found a lumpy inky potion.
Sigmund hits you but does no damage.
You closely miss Sigmund. You hit Sigmund but do no damage.
You block Sigmund's attack.
You hit Sigmund.
Sigmund is lightly wounded.
Sigmund casts a spell at you.
You are confused.
You are too confused!
You are too confused!
A kobold comes into view. It is wielding a +0 whip.
Sigmund casts a spell at you. The puff of flame hits you!
You are too confused!
Sigmund hits you from afar with a +0 scythe!
You are too confused!
You are too confused!
Sigmund hits you with a +0 scythe.
You are too confused!
You are too confused!
Sigmund hits you from afar with a +0 scythe!
You are too injured to fight recklessly!
It was a potion of cancellation.
Your magical effects are unravelling.
You feel magically purged.
You feel less confused. You block Sigmund's attack.
You feel very mighty all of a sudden.
The kobold throws a stone.
The stone barely misses you. The kobold closely misses you.
Sigmund closely misses you.
You are too injured to fight recklessly!
You hit Sigmund.
Sigmund is moderately wounded.
You barely miss the kobold. The kobold hits you but does no damage.
Sigmund casts a spell at you. The magic dart hits you.
You block the kobold's attack.
You are too injured to fight recklessly!
You closely miss Sigmund.
Sigmund is lightly wounded.
You barely miss the kobold. Sigmund hits you with a +0 scythe.
* * * LOW HITPOINT WARNING * * *
The kobold hits you with a +0 whip.
* * * LOW HITPOINT WARNING * * *
You are too injured to fight recklessly!
You barely miss Sigmund.
Sigmund is lightly wounded.
You hit the kobold. The kobold hits you with a +0 whip.
* * * LOW HITPOINT WARNING * * *
Sigmund gestures wildly while chanting.
Sigmund flickers and vanishes!
Deactivating autopickup; reactivate with Ctrl-A.
You closely miss something. You hit the kobold.
You kill the kobold!
Something hits you.
* * * LOW HITPOINT WARNING * * *
You closely miss something. You block something's attack.
You slash something! Something hits you but does no damage.
You barely miss something. Something hits you but does no damage.
You miss something. Something hits you but does no damage.
You miss something. Something hits you but does no damage.
You miss something. You miss something. Something hits you.
* * * LOW HITPOINT WARNING * * *
You completely miss something. You block something's attack.
You barely miss something. Something hits you but does no damage.
You slash something! Something hits you.
* * * LOW HITPOINT WARNING * * *
You closely miss something.
You hear some strange, mumbled words.
You are confused.
You're too confused to move!
Something hits you but does no damage.
You completely miss something. Something hits you.
* * * LOW HITPOINT WARNING * * *
It was a potion of attraction.
You feel attractive to monsters.
Unknown command.
A magic dart appears from out of thin air!
The magic dart hits you but does no damage.
Something is attracted toward you. Something hits you!
You die...

# #. .### ... #.##
#..# #
#####.<##.#.. #
#............#
#...#.#.#@..#.##.#
#.!...ยง.....# #
#..##.).#####
........
.....#..#.
........#.#
..####..# # ..
...# ...#


There were no monsters in sight!

Vanquished Creatures
  4 adders (D:2)
  A worm (D:2)
  3 bats (D:2)
  5 endoplasms
  2 giant cockroaches
  6 goblins
  2 hobgoblins
  4 jackals (D:2)
  2 quokkas (D:2)
  3 ball pythons
  A frilled lizard (D:1)
  5 kobolds
  4 rats
42 creatures vanquished.

Notes
Turn   | Place    | Note
-------+----------+-------------------------------------------
     0 | D:1      | Flugslaktarn the Hill Orc Fighter began the quest for the
                  | Orb.
     0 | D:1      | Reached XP level 1. HP: 19/19 MP: 1/1
    85 | D:1      | Reached XP level 2. HP: 25/27 MP: 2/2
   348 | D:1      | You fall into a shaft and drop 1 floor!
   393 | D:2      | Reached XP level 3. HP: 28/33 MP: 3/3
   482 | D:2      | Found a white marble altar of Elyvilon.
   497 | D:2      | Reached XP level 4. HP: 35/40 MP: 4/4
   835 | D:3      | Noticed Sigmund
   863 | D:3      | HP: 2/41 [something (2)]
   869 | D:3      | Mangled by Sigmund

Illustrated notes

Levels and vault maps discovered:
D:1:      nzn_arrival_crosshair, layout_basic, basic_ecumenical_altar
D:2:      layout_basic, basic_altar
D:3:      layout_basic, makhleb_altar_promises_db, minmay_goblin_kobold_house,
          uniq_sigmund

Skill      XL: |  1  2  3  4 |
---------------+-------------+-----
Axes           | 3 4 |  4.7
Fighting       | 4 |  4.4
Armour         | 4 |  4.0
Shields        | |  3.2

Action                     |  1- 3 |  4- 6 || total
---------------------------+-------+-------++-------
  Melee: War axe           |    79 |    39 ||   118
    Use: Potion            |       |     3 ||     3
 Armour: Scale mail        |    44 |    19 ||    63
  Dodge: Dodged            |    38 |     8 ||    46
  Block: Buckler           |    15 |    10 ||    25

Table legend: (Time is in decaauts)
 A = Elapsed time spent in this place.
 B = Non-inter-level travel time spent in this place.
 C = Inter-level travel time spent in this place.
 D = Time resting spent in this place.
 E = Time spent auto-exploring this place.
 F = Levels seen in this place.
 G = Mean time per level.
                   A        B        C        D        E       F      G
               +--------+--------+--------+--------+--------+-----+--------+
         Total |    909 |    887 |     22 |     37 |    567 |   3 |  303.0 |
       Dungeon |    909 |    887 |     22 |     37 |    567 |   3 |  303.0 |
               +--------+--------+--------+--------+--------+-----+--------+

Top non-repeatable levels by time:
     D:2: 505 daAuts
     D:1: 364 daAuts
     D:3: 39 daAuts
